 Dungeon Crawl Stone Soup version 0.28-a0-1613-gdaab1c2f9b (webtiles) character file.

Game seed: 16667542989017614604

522 murtidash the Magician (level 7, -1/49 HPs)
             Began as a Djinni Hedge Wizard on Jan 21, 2022.
             Slain by a wight (2 damage)
             ... on level 6 of the Dungeon.
             The game lasted 00:05:27 (6581 turns).

murtidash the Magician (Djinni Hedge Wizard)        Turns: 6581, Time: 00:05:28

Health: -1/49      AC:  3    Str:  9    XL:     7   Next: 46%
Gold:   163        EV: 12    Int: 24    God:
                   SH:  0    Dex: 12

rFire   + + .      SeeInvis .   a - +0 dagger
rCold   . . .      Faith    .   B - orb {light}
rNeg    . . .      Spirit   .   b - +0 robe
rPois   ∞          Reflect  .   c - +0 hat
rElec   .          Harm     .   C - +0 cloak
rCorr   .          Rampage  .   (no gloves)
Will    .....                   (boots unavailable)
Stlth   +.........              (no amulet)
HPRegen 0.16/turn               o - +6 ring of intelligence
MPRegen 0.00/turn               l - ring of protection from cold {rC+, !d}

@: on blink cooldown, flying, glowing
A: sickness immunity, fire resistance 2, cold vulnerability 1, float, innate
caster, hp casting, extra vitality 1
a: no special abilities


You were on level 6 of the Dungeon.
You visited 1 branch of the dungeon, and saw 6 of its levels.

You collected 213 gold pieces.
You spent 50 gold pieces at shops.

Inventory:

Hand Weapons
 a - a +0 dagger (weapon)
Armour
 b - a +0 robe (worn)
 c - a +0 hat (worn)
 B - an orb of light (worn)
   (You found it on level 5 of the Dungeon)
 C - a +0 cloak (worn)
   (You found it on level 5 of the Dungeon)
Jewellery
 h - a ring of protection from fire {rF+, !d}
   (You found it on level 1 of the Dungeon)
 l - a ring of protection from cold (right hand) {rC+, !d}
   (You found it on level 2 of the Dungeon)
 o - a +6 ring of intelligence (left hand)
   (You found it on level 2 of the Dungeon)
 u - a +6 ring of dexterity
   (You found it on level 3 of the Dungeon)
Wands
 y - a wand of flame (14)
   (You found it on level 5 of the Dungeon)
 A - a wand of digging (3)
   (You found it on level 5 of the Dungeon)
Scrolls
 d - 2 scrolls of blinking {unknown}
 e - 2 scrolls of enchant armour {unknown}
 f - a scroll of amnesia {unknown}
 g - 2 scrolls of vulnerability {unknown}
 k - a scroll of immolation {unknown}
 n - 2 scrolls of enchant weapon {unknown}
 q - 2 scrolls of fear {unknown}
 t - a scroll of magic mapping {unknown}
 w - 2 scrolls of identify {unknown}
 x - a scroll of fog {unknown}
 D - a scroll of noise {unknown}
Potions
 i - a potion of curing {unknown}
 j - a potion of might {unknown}
 p - 2 potions of cancellation {unknown}
 r - a potion of mutation {unknown}
 s - a potion of lignification {unknown}
 v - 2 potions of flight {unknown}
 z - a potion of invisibility {unknown}


   Skills:
 + Level 2.2 Fighting
 - Level 2.1 Dodging
 - Level 1.5 Stealth
 * Level 5.8 Spellcasting


You couldn't memorise any spells.
You knew the following spells:

 Your Spells              Type           Power      Damage    Failure   Level
a - Magic Dart            Conj           100%       1d8       1%          1
b - Blink                 Tloc           70%        N/A       1%          2
c - Scorch                Fire           70%        2d8       1%          2
d - Call Canine Familiar  Summ           35%        N/A       2%          3
s - Slow                  Hex            100%       N/A       1%          1
x - Mephitic Cloud        Conj/Pois/Air  35%        N/A       2%          3
U - Call Imp              Summ           35%        N/A       1%          2
X - Conjure Flame         Conj/Fire      35%        6-21      2%          3
Z - Summon Small Mammal   Summ           100%       N/A       1%          1
Your spell library was empty.

Dungeon Overview and Level Annotations

Branches:
Dungeon (6/15)
 Temple: D:4-7

Altars:
Gozag
Trog

Shops:
D:2 !:?=   D:5 (


Innate Abilities, Weirdness & Mutations

You are immune to sickness and miasma.
You are immune to poison.
Your flesh is very heat resistant. (rF++)
You are vulnerable to cold. (rC-)
You float through the air rather than walking.
You learn spells naturally, not from books.
Your magical power is your life essence.
You have superior vitality. (+4 MHP)


Message History

The magic dart hits the wight.
You take 1 damage, and have 44/48 hp.
What are your orders? t - Shout!
Orders for allies: a - Attack new target. p - Attack previous target. r - Retreat! s - Stop attacking. g - Guard the area. f - Follow me.
Anything else - Cancel.
Gang up on whom?
Aim: a wight, wielding a +2 scimitar and wearing a +0 robe (lightly damaged, ally target) Attack!
Flames lash the wight but do no damage.
Your wolf barely misses the wight.
The wight hits your wolf with a +2 scimitar.
Your wolf bites the wight.
A wight comes into view.
It is wielding a +3 short sword of freezing.
You take 2 damage, and have 42/48 hp.
Flames lash the wight.
The wight's fire resistance burns away.
The wight hits your wolf with a +0 scimitar!
Your wolf bites the wight.
The wight closely misses your wolf.
A wight comes into view. It is wielding a +0 falchion.
You take 2 damage, and have 40/48 hp.
Flames lash the wight.
The wight is burned terribly!
You destroy the wight!
Your Fighting skill increases to level 2!
You take 1 damage, and have 39/49 hp.
Flames lash the wight.
The wight's fire resistance burns away.
Your wolf closely misses the wight.
The wight hits your wolf with a +0 scimitar!
Your wolf dies!
Your wolf's corpse disappears in a puff of smoke!
You take 1 damage, and have 38/49 hp.
Flames lash the wight.
The wight is burned terribly!
You destroy the wight!
A wight comes into view. It is wielding a +2 dagger of freezing.
You take 2 damage, and have 36/49 hp.
You take 3 damage, and have 33/49 hp.
What are your orders? t - Shout!
Orders for allies: a - Attack new target. r - Retreat! s - Stop attacking. g - Guard the area. f - Follow me.
Anything else - Cancel.
Gang up on whom?
Aim: a wight, wielding a +3 short sword of freezing and wearing a +0 robe (ally target, haloed) Attack!
You swap places.
Your hound bites the wight but does no damage.
The wight hits your hound with a +3 short sword of freezing.
The wight freezes your hound.
Your hound misses the wight.
Your hound bites the wight but does no damage.
The wight closely misses your hound.
Flames lash the wight.
The wight's fire resistance burns away.
Your hound bites the wight.
The wight closely misses your hound.
You take 1 damage, and have 32/49 hp.
Flames lash the wight.
The wight's fire resistance burns away.
Your hound bites the wight but does no damage.
Your hound bites the wight.
The wight hits your hound with a +3 short sword of freezing.
The wight freezes your hound.
You take 2 damage, and have 30/49 hp.
Flames lash the wight but do no damage.
Your hound closely misses the wight.
The wight hits your hound with a +3 short sword of freezing.
The wight freezes your hound.
Your hound dies!
Your hound's corpse disappears in a puff of smoke!
You take 2 damage, and have 28/49 hp.
You miscast Scorch.
You are very lightly contaminated with residual magic.
Nothing appears to happen.
You take 2 damage, and have 26/49 hp.
A wyvern skeleton comes into view.
The wight is no longer more vulnerable to fire.
The wight hits you but does no damage. The wyvern skeleton bites you.
You take 7 damage, and have 20/49 hp.
You swap places.
The wyvern skeleton bites you.
The wight hits your hound with a +3 short sword of freezing!
The wight freezes your hound.
Your hound bites the wyvern skeleton.
The wyvern skeleton bites you!
* * * LOW HITPOINT WARNING * * *
You take 16 damage, and have 4/49 hp.
MASSIVE DAMAGE!!
Your hound bites the wyvern skeleton.
The wight closely misses your hound.
The wyvern skeleton completely misses you.
Your hound bites the wyvern skeleton.
You feel much better.
The wight hits your hound with a +3 short sword of freezing.
The wight freezes your hound.
Your hound dies!
Your hound's corpse disappears in a puff of smoke!
The wyvern skeleton bites you!
* * * LOW HITPOINT WARNING * * *
Your magical contamination has completely faded away.
You regained 6 hp, and now have 10/49 hp.
You blink.
* * * LOW HITPOINT WARNING * * *
The wight hits you with a +3 short sword of freezing!
* * * LOW HITPOINT WARNING * * *
The wight freezes you.
You die...

#..# #.# ####..#
#.# #.....# #.#
#.##..####.#
#.#.....##.## ##
##.#<....##..##.
#.........####.
#.##...z..###.#
#.##...@zz##..#
#.##.#.##.##..#
#.##.#)##§§..#
#.#...)##.§.§#
#......##.##.#
###.... #<###..
##..# #.# ...
... #.# ...# #..
#.##


You could see 3 wights.

Vanquished Creatures
  An ice beast (D:5)
  A phantom (D:5)
  2 wights (D:6)
  A bullfrog zombie (D:5)
  A jelly (D:5)
  A centaur skeleton (D:4)
  An iguana (D:5)
  A scorpion zombie (D:5)
  A hound zombie (D:5)
  2 adders
  An adder skeleton (D:4)
  2 worms
  3 dart slugs
  2 orcs
  8 ball pythons
  5 bats
  8 endoplasms
  7 giant cockroaches
  6 goblins
  8 hobgoblins
  7 jackals
  5 kobolds
  2 quokkas
  2 frilled lizards (D:1)
  7 rats
85 creatures vanquished.

Notes
Turn   | Place    | Note
-------+----------+-------------------------------------------
     0 | D:1      | murtidash the Djinni Hedge Wizard began the quest for the
                  | Orb.
     0 | D:1      | Reached XP level 1. HP: 15/15 MP: 0/0
   249 | D:1      | Reached XP level 2. HP: 6/21 MP: 0/0
   777 | D:1      | Reached skill level 3 in Spellcasting
  1127 | D:1      | Reached XP level 3. HP: 24/25 MP: 0/0
  1127 | D:1      | Learned a level 1 spell: Summon Small Mammal
  1474 | D:1      | Found a faded altar of an unknown god.
  2198 | D:2      | Reached XP level 4. HP: 13/31 MP: 0/0
  2624 | D:2      | Found Pin Upax's Magic Scroll Emporium.
  2785 | D:2      | Found Manikhlagoj's Book Shoppe.
  2846 | D:2      | Found Diwiesui's Distillery.
  2866 | D:2      | Bought a potion of heal wounds for 50 gold pieces
  3165 | D:2      | Found Urag Luo's Jewellery Shoppe.
  3321 | D:3      | Reached skill level 4 in Spellcasting
  3554 | D:3      | Reached XP level 5. HP: 32/35 MP: 0/0
  3554 | D:3      | Learned a level 2 spell: Scorch
  4626 | D:4      | Found a bloodstained altar of Trog.
  5128 | D:5      | Entered Level 5 of the Dungeon
  5199 | D:5      | Noticed an ice beast
  5203 | D:5      | Killed an ice beast
  5204 | D:5      | Reached skill level 5 in Spellcasting
  5204 | D:5      | Reached XP level 6. HP: 33/40 MP: 0/0
  5324 | D:5      | HP: 8/41 [iguana (13)]
  5620 | D:5      | Found Bierim's Antique Weapon Shop.
  5735 | D:5      | Reached skill level 1 in Fighting
  5999 | D:5      | Found an opulent altar of Gozag.
  6404 | D:5      | Reached XP level 7. HP: 37/48 MP: 0/0
  6404 | D:5      | Learned a level 3 spell: Call Canine Familiar
  6564 | D:6      | Reached skill level 2 in Fighting
  6578 | D:6      | HP: 4/49 [wyvern skeleton (11)]
  6581 | D:6      | HP: 1/49 [wight (7)]
  6581 | D:6      | Slain by a wight

Illustrated notes

Levels and vault maps discovered:
D:1:      onia_arrival_pentagram, layout_basic,
          hellmonk_ecumenical_altar_zigzags, roderic_lattice_a
D:2:      layout_basic, serial_shops, nicolae_shop_waterfront,
          nicolae_diamond_shop, nicolae_shop_crystal, shop_fountains,
          minmay_unequal
D:3:      layout_loops_ring
D:4:      layout_loops_corners, mainiacjoe_overflow_tiny_flanked, serial_rivers,
          chequers_serial_rivers_room_b, chequers_serial_rivers_room_a,
          chequers_serial_rivers_small_3, chequers_serial_rivers_micro_a,
          chequers_serial_rivers_small_a, chequers_serial_rivers_small_3,
          hangedman_decor_opposing, minmay_misc_feat_rows,
          minmay_misc_feat_columns, solitary_fountain
D:5:      layout_basic, mainiacjoe_overflow_paths, serial_shops, shop
D:6:      nicolae_cairo_tiling, layout_loops_ring,
          chequers_temple_overflow_statue_of_worship

Skill      XL: |  1  2  3  4  5  6  7 |
---------------+----------------------+-----
Spellcasting   | 3 4 5 |  5.8
Fighting       | 1 2 |  2.2
Dodging        | |  2.1
Stealth        | |  1.5

Action                   |  1- 3 |  4- 6 |  7- 9 || total
-------------------------+-------+-------+-------++-------
 Cast: Magic Dart        |    95 |    96 |     1 ||   192
       Scorch            |       |    21 |     8 ||    29
       Call Canine Famil |       |       |     3 ||     3
       Blink             |       |       |     1 ||     1
  Use: Potion            |       |       |     1 ||     1
Armor: Robe              |     4 |     3 |     1 ||     8
Dodge: Dodged            |     9 |     8 |     1 ||    18

Table legend: (Time is in decaauts)
 A = Elapsed time spent in this place.
 B = Non-inter-level travel time spent in this place.
 C = Inter-level travel time spent in this place.
 D = Time resting spent in this place.
 E = Time spent auto-exploring this place.
 F = Levels seen in this place.
 G = Mean time per level.
                   A        B        C        D        E       F      G
               +--------+--------+--------+--------+--------+-----+--------+
         Total |   6577 |   6464 |    113 |      0 |   6061 |   6 | 1096.2 |
       Dungeon |   6577 |   6464 |    113 |      0 |   6061 |   6 | 1096.2 |
               +--------+--------+--------+--------+--------+-----+--------+

Top non-repeatable levels by time:
     D:1: 2136 daAuts
     D:5: 1285 daAuts
     D:2: 1107 daAuts
     D:4: 1037 daAuts
     D:3: 843 daAuts
     D:6: 166 daAuts

Table legend:
 A = Kills in this place as a percentage of kills in entire the game.
 B = Kills by you in this place as a percentage of kills by you in the entire game.
 C = Kills by friends in this place as a percentage of kills by friends in the entire game.
 D = Other kills in this place as a percentage of other kills in the entire game.
 E = Experience gained in this place as a percentage of experience gained in the entire game.
 F = Experience gained in this place divided by the number of levels of this place that you have seen.
                   A       B       C       D       E      F
               +-------+-------+-------+-------+-------+----------------------
         Total | 100.0 | 100.0 |   N/A |   N/A | 100.0 | 124.5
       Dungeon | 100.0 | 100.0 |   N/A |   N/A | 100.0 | 124.5
               +-------+-------+-------+-------+-------+----------------------
